Match 46231892
Unlisted

Match 46231892
End
Pioneer Squad
Construct Infanterie Kompanie
Selects Terror Battlegroup
Selects Heavy Gunnery
Grenadier Squad
Grenadier Squad
Grenadier Squad
Grenadier Squad
Construct Panzergrenadier Kompanie
Infanterie Officer Quarters
Construct Panzergrenadier Kompanie
Selects Interrogate
251 Medium Carrier
Pak 40 Anti-tank Gun Team
Selects Defend the Fatherland
Medical Bunker
Construct Panzer Kompanie
Stoßtruppen Squad
Panzer Officer Quarters
Stoßtruppen Squad
Panzer IV Medium Tank
Ares
RedLeaderToBase
CAuMOH
K̳itsuné
0
0

Comments sign in to comment!

No comments posted yet!